 Dungeon Crawl Stone Soup version 0.21.1-1-g345015fe64 (webtiles) character file.

168418 Oravi the Spry (level 17, -1/140 HPs)
             Began as a Merfolk Transmuter on May 4, 2018.
             Was the Champion of Okawaru.
             Killed from afar by Nikola (18 damage)
             ... with a chain lightning
             ... on level 3 of the Shoals.
             The game lasted 04:07:15 (37327 turns).

Oravi the Spry (Merfolk Transmuter)                Turns: 37327, Time: 04:07:16

Health: -1/140     AC: 16    Str: 15    XL:     17   Next: 94%
Magic:  11/34      EV: 31    Int: 22    God:    Okawaru [******]
Gold:   3144       SH:  0    Dex: 18    Spells: 24/42 levels left

rFire    . . .     SeeInvis .   i - staff of earth
rCold    + . .     Gourm    +   (no shield)
rNeg     . . .     Faith    .   R - +4 troll leather armour {Snorg}
rPois    .         Spirit   .   Q - +2 helmet {Int+3}
rElec    .         Reflect  .   (no cloak)
rCorr    .         Harm     .   P - +1 pair of gloves
MR       +....                  W - +2 pair of boots {Fly}
Stlth    ++........             f - amulet of Jycoxoic {Gourm rC+ Int+3}
HPRegen  0.73/turn              L - +5 ring of evasion
MPRegen  0.24/turn              S - ring "Qeibaefa" {Str+3 Dex+4 Stlth+}

@: flying
A: change form in water, swift swim, stealthy swim, dopey 1
a: Heroism, Finesse, Renounce Religion, Stop Flying


You were on level 3 of the Shoals.
You worshipped Okawaru.
Okawaru was exalted by your worship.
You were completely stuffed.

You visited 5 branches of the dungeon, and saw 27 of its levels.
You also visited: Bailey and Ice Cave.

You collected 3492 gold pieces.
You spent 348 gold pieces at shops.

Inventory:

Missiles
 a - 448 arrows
Armour
 H - a +2 robe of the Archmagi
 P - a +1 pair of gloves (worn)
 Q - a +2 helmet of intelligence (worn)
 R - a +4 troll leather armour (worn) {Snorg}
 W - a +2 pair of boots of flying (worn)
Magical Staves
 i - an uncursed staff of earth (weapon)
 t - an uncursed staff of poison
 E - an uncursed staff of cold
Jewellery
 c - the ring of the Distant Future {*Drain EV+2 Dex+4}
   (You found it on level 2 of the Shoals)

   [ring of evasion]

   It affects your evasion (+2).
   It affects your dexterity (+4).
   It causes draining when unequipped.
 e - an uncursed ring of protection from magic
 f - the amulet of Jycoxoic (around neck) {Gourm rC+ Int+3}
   (You found it on level 5 of the Lair of Beasts)

   [amulet of the gourmand]

   It allows you to eat raw meat even when not hungry.
   It affects your intelligence (+3).
   It protects you from cold.
 h - an uncursed ring of protection from fire
 o - an uncursed ring of resist corrosion
 u - the ring of Youthful Indiscretion {rCorr *Corrode rN+ Str+4 Dex+4}
   (You found it on level 4 of the Dungeon)

   [ring of resist corrosion]

   It affects your strength (+4).
   It affects your dexterity (+4).
   It protects you from negative energy.
   It may corrode you when you take damage.
 I - an uncursed ring of ice
 L - a +5 ring of evasion (left hand)
 M - an uncursed amulet of magic regeneration {unknown}
 S - the ring "Qeibaefa" (right hand) {Str+3 Dex+4 Stlth+}
   (You found it on level 6 of the Lair of Beasts)

   [ring of strength]

   It affects your strength (+3).
   It affects your dexterity (+4).
   It makes you more stealthy.
Wands
 l - a wand of digging (62)
 x - a wand of flame (50)
 y - a wand of enslavement (12)
 G - a wand of random effects (15)
 N - a wand of paralysis (31)
 O - a wand of iceblast (10)
 X - a wand of polymorph (16)
 Y - a wand of clouds (6)
 Z - a wand of disintegration (29)
Scrolls
 b - a scroll of enchant weapon
 g - a scroll of torment {unknown}
 j - 11 scrolls of remove curse
 k - 10 scrolls of teleportation
 s - 2 scrolls of blinking
 F - 6 scrolls of magic mapping
 V - 4 scrolls of fear
Potions
 m - 2 potions of cancellation
 p - 3 potions of magic
 q - 3 potions of agility
 r - a potion of berserk rage
 z - 4 potions of brilliance
 A - a potion of heal wounds
 B - 2 potions of haste
 C - 2 potions of resistance
 D - 2 potions of invisibility
 J - 16 potions of curing
 K - 2 potions of ambrosia
Miscellaneous
 w - a box of beasts
Comestibles
 d - 51 rations
 n - 8 chunks of flesh


   Skills:
 + Level 14.9 Fighting
 + Level 17.4 Dodging
 + Level 15.2 Unarmed Combat
 + Level 13.0 Spellcasting
 + Level 13.6 Transmutations
 - Level 6.0 Ice Magic
 + Level 5.9 Earth Magic
 - Level 3.0 Poison Magic
 - Level 8.0 Invocations


You had 24 spell levels left.
You knew the following spells:

 Your Spells              Type           Power        Failure   Level  Hunger
a - Spider Form           Tmut/Pois      ######....   1%          3    None
b - Sticks to Snakes      Tmut           ######..     1%          2    None
c - Ice Form              Ice/Tmut       ######..     1%          4    None
d - Blade Hands           Tmut           ######....   1%          5    ###....
e - Petrify               Tmut/Erth      ######..     1%          4    None


Dungeon Overview and Level Annotations

Branches:
Dungeon (15/15)            Temple (1/1) D:4            Lair (6/6) D:11
 Shoals (3/4) Lair:3       Spider (0/4) Lair:2        Slime (0/5) Lair:6
    Orc (2/2) D:9             Elf (0/3) Orc:2        Vaults (0/5) D:13
 Depths (0/5) D:15

Altars:
Ashenzari
Cheibriados
Dithmenos
Elyvilon
Fedhas
Gozag
Hepliaklqana
Kikubaaqudgha
Makhleb
Nemelex Xobeh
Okawaru
Qazlal
Ru
Sif Muna
Trog
Uskayaw
Vehumet
Wu Jian
Xom
Yredelemnul
Zin
The Shining One
Beogh
Jiyva
Lugonu

Shops:
D:7 (   D:10 ?(?}*   D:11 =   D:14 !   Orc:2 [*::   Shoals:2 *

Annotations:
Shoals:3 Nikola


Innate Abilities, Weirdness & Mutations

You revert to your normal form in water.
You are very nimble and swift while swimming.
You are very stealthy in the water. (Stealth+)
You are dopey. (Int -2)


Message History

You feel a surge of power!
Nikola resists with almost no effort.
Casting: Petrify
Confirm with . or Enter, or press ? or * to list all spells.
Aiming: Petrify
Press: ? - help, Shift-Dir - straight line, f/p - Nikola
Aim: Nikola, wielding a rapier of electrocution, wearing a cloak and wearing a pair of gloves (chance to defeat MR: 7%)
You feel a surge of power!
Nikola is moving more slowly.
Nikola mumbles some strange words.
You hear a mighty clap of thunder!
The lightning arc hits you!
The lightning arc hits Nikola.
The lightning arc hits you!
The lightning arc hits Nikola.
The lightning arc hits you!
* * * LOW HITPOINT WARNING * * *
The lightning arc hits Nikola.
Nikola mumbles some strange words.
You hear a mighty clap of thunder!
The lightning arc hits you!
* * * LOW HITPOINT WARNING * * *
The lightning arc hits Nikola.
The lightning arc hits you!
You die...

##########################
≈≈≈≈≈≈≈≈≈≈≈≈≈≈≈≈≈≈≈≈≈≈≈≈≈≈
≈≈≈≈≈≈≈≈≈≈≈≈≈≈≈≈≈≈≈≈≈≈≈≈≈≈
≈≈≈≈≈≈≈≈≈≈≈≈≈≈≈≈≈≈≈≈≈≈≈≈≈≈
≈≈≈≈≈≈≈≈≈≈≈≈≈≈≈≈@≈≈≈≈≈@≈≈≈
≈≈≈≈≈≈≈≈≈≈≈≈≈≈≈≈≈≈≈≈≈≈≈≈≈≈
≈≈≈≈≈≈≈≈≈≈≈≈≈≈≈≈≈≈≈≈≈≈≈≈≈≈
≈≈≈≈≈≈≈≈≈≈≈≈≈≈≈≈≈≈≈≈≈...≈≈
≈≈≈≈≈≈≈≈≈≈≈≈≈≈≈≈≈≈≈≈≈.....
≈≈≈≈≈≈≈≈≈≈≈≈≈≈≈≈≈≈≈≈≈.....
≈≈≈≈≈≈≈≈≈≈≈≈≈≈≈≈≈≈≈≈≈≈..>.
≈≈≈≈≈≈≈≈≈≈≈≈≈≈≈≈≈≈≈≈≈≈≈..#
≈≈≈≈≈≈≈≈≈≈≈≈≈≈≈≈≈≈≈≈.≈≈..##
.≈≈


You could see Nikola (petrifying).

Vanquished Creatures
  Rupert (Lair:5)
  Polyphemus (Shoals:2)
  Aizul (Shoals:3)
  2 orc warlords (Orc:2)
  2 frost giants
  Snorg (Lair:3)
  3 merfolk javelineers
  2 merfolk impalers
  2 ogre magi (D:15)
  A vault guard (D:13)
  3 merfolk avatars
  2 centaur warriors (D:15)
  An alligator snapping turtle (Shoals:3)
  4 hydras
  Erica (D:9)
  A satyr (Shoals:3)
  6 catoblepae
  10 death yaks
  A tengu warrior (D:14)
  17 two-headed ogres
  7 orc high priests
  A skeletal warrior (D:11)
  7 sea snakes
  4 unseen horrors
  21 harpies
  7 orc knights
  A necromancer (D:13)
  21 fauns
  6 orc sorcerers
  6 cyclopes
  An oklob plant (Lair:4)
  9 manticores
  14 ugly things
  8 elephants
  3 centaur zombies
  3 black mambas
  7 merfolk sirens
  2 gargoyles
  3 water nymphs
  An ice statue (IceCv)
  9 spiny frogs
  5 yaktaurs
  9 rime drakes
  2 komodo dragons
  6 wind drakes
  A polar bear (shapeshifter) (D:15)
  The ghost of Gargoyl the Skirmisher, an amateur CeAK of Lugonu (D:5)
  3 meliai (D:15)
  12 polar bears (IceCv)
  2 hornets
  23 merfolk
  10 trolls
  32 blink frogs
  A meliai zombie (D:12)
  11 slime creatures
  10 dream sheep
  21 hippogriffs
  4 snapping turtles (Shoals:1)
  3 vampires
  51 yaks
  4 water elementals
  7 basilisks
  12 wyverns
  A wraith (D:15)
  Grum (D:8)
  A hungry ghost (D:9)
  2 wargs
  15 water moccasins
  A soldier ant (D:15)
  12 porcupines
  2 hell hounds (D:14)
  4 sky beasts
  55 orc warriors
  6 phantoms
  5 black bears
  10 ice beasts
  An eye of draining (D:13)
  24 wolves
  20 ogres
  12 centaurs
  16 crocodiles
  A big kobold (D:9)
  13 bullfrogs
  2 wyvern skeletons
  4 scorpions
  9 killer bees
  12 wights
  An electric eel (Lair:4)
  A bullfrog zombie (D:13)
  7 crimson imps
  2 quasits
  7 jellies
  4 centaur skeletons
  2 gnoll shamans
  32 orc priests
  6 hounds
  33 orc wizards
  5 bullfrog skeletons
  3 iguanas
  10 worker ants
  5 yak simulacra (D:13)
  A polar bear simulacrum (D:13)
  A wolf simulacrum (D:13)
  A hound skeleton (D:9)
  10 gnolls
  11 adders
  3 shadow imps
  5 oozes (D:11)
  An adder skeleton (D:7)
  2 worms (Lair:2)
  A dart slug (D:1)
  A leopard gecko (D:5)
  126 orcs
  A ball python (D:1)
  6 bats
  4 giant cockroaches
  12 goblins
  7 hobgoblins
  5 jackals
  4 quokkas
  6 frilled lizards
  A jackal skeleton (D:4)
  27 kobolds
  A leopard gecko skeleton (D:7)
  A leopard gecko zombie (D:5)
  8 rats
  4 river rat simulacra (D:13)
  A butterfly (Lair:2)
1031 creatures vanquished.

Vanquished Creatures (collateral kills)
  4 hydras
  Urug (D:14)
  A rime drake (Lair:3)
  3 dream sheep (Shoals:2)
  2 blink frogs (Lair:6)
  A basilisk (Lair:4)
  A water moccasin (Lair:3)
  2 electric eels (Lair:4)
  An iguana (D:13)
  3 fungi (Lair:5)
  A plant (Lair:5)
20 creatures vanquished.

Vanquished Creatures (others)
  An orc warrior (Orc:1)
  2 orcs
  8 fungi
  20 plants
31 creatures vanquished.

Grand Total: 1082 creatures vanquished

Notes
Turn   | Place    | Note
-------+----------+-------------------------------------------
     0 | D:1      | Oravi the Merfolk Transmuter began the quest for the Orb.
     0 | D:1      | Reached XP level 1. HP: 15/15 MP: 3/3
    72 | D:1      | Reached XP level 2. HP: 17/21 MP: 3/5
   841 | D:2      | Reached XP level 3. HP: 19/26 MP: 4/6
  1001 | D:2      | Learned a level 2 spell: Sticks to Snakes
  1005 | D:2      | Learned a level 3 spell: Spider Form
  1365 | D:2      | Found an ancient bone altar of Kikubaaqudgha.
  1678 | D:3      | Reached skill level 3 in Dodging
  1678 | D:3      | Reached XP level 4. HP: 18/32 MP: 1/7
  2024 | D:3      | Found a shimmering altar of Xom.
  2051 | D:3      | Found a stormy altar of Qazlal.
  2546 | D:4      | Reached skill level 1 in Poison Magic
  2578 | D:4      | Reached XP level 5. HP: 10/38 MP: 2/8
  3016 | D:4      | Found a glowing silver altar of Zin.
  3270 | D:4      | Found a blossoming altar of Fedhas.
  3285 | D:4      | Reached XP level 6. HP: 21/44 MP: 6/10
  3583 | D:4      | Found a staircase to the Ecumenical Temple.
  3588 | Temple   | Entered the Ecumenical Temple
  3630 | Temple   | Became a worshipper of Warmaster Okawaru
  3750 | D:4      | Noticed a hippogriff
  3764 | D:4      | Killed a hippogriff
  3764 | D:4      | Reached skill level 4 in Dodging
  3764 | D:4      | Reached skill level 5 in Transmutations
  3917 | D:4      | Noticed a phantom
  3965 | D:4      | Killed a phantom
  3965 | D:4      | Reached * piety under Okawaru
  3965 | D:4      | Reached XP level 7. HP: 31/52 MP: 6/11
  3971 | D:4      | Got a sparkling amber ring
  3974 | D:4      | Identified the ring of Youthful Indiscretion {rCorr *Corrode rN+ Str+4 Dex+4} (You found it on level 4 of the Dungeon)
  4289 | D:4      | Reached skill level 5 in Unarmed Combat
  4435 | D:5      | Entered Level 5 of the Dungeon
  4696 | D:5      | Reached skill level 5 in Dodging
  4739 | D:5      | Reached XP level 8. HP: 49/60 MP: 10/13
  4741 | D:5      | Found a basalt altar of Yredelemnul.
  4848 | D:5      | Noticed Gargoyl's ghost (amateur CeAK)
  5527 | D:5      | Found a shadowy altar of Dithmenos.
  5644 | D:6      | Reached skill level 6 in Dodging
  5684 | D:6      | Reached ** piety under Okawaru
  5905 | D:6      | Found a sacrificial altar of Ru.
  6021 | D:6      | Reached skill level 5 in Fighting
  6035 | D:6      | Found a white marble altar of Elyvilon.
  6042 | D:6      | Reached XP level 9. HP: 51/68 MP: 12/15
  6361 | D:6      | Learned a level 4 spell: Ice Form
  6367 | D:6      | Learned a level 5 spell: Blade Hands
  6486 | D:7      | Found a radiant altar of Vehumet.
  6529 | D:7      | Found a glowing golden altar of the Shining One.
  6656 | D:7      | Reached skill level 7 in Dodging
  6672 | D:7      | Found Nuypaum's Weapon Boutique.
  6692 | D:7      | Found a stormy altar of Qazlal.
  7348 | D:8      | Noticed a two-headed ogre
  7348 | D:8      | Reached skill level 5 in Spellcasting
  7356 | D:8      | Noticed Grum
  7363 | D:8      | Killed a two-headed ogre
  7363 | D:8      | Reached *** piety under Okawaru
  7688 | D:8      | Reached skill level 8 in Dodging
  7698 | D:8      | Killed Grum
  7698 | D:8      | Reached skill level 1 in Ice Magic
  7698 | D:8      | Reached XP level 10. HP: 35/77 MP: 16/18
  7710 | D:8      | Reached **** piety under Okawaru
  7983 | D:8      | Got a heavily runed ring mail
  7984 | D:8      | Identified the +3 ring mail of the Lost Path {+Blink Str-3 Dex+4} (You found it on level 8 of the Dungeon)
  7987 | D:8      | Found a deep blue altar of Sif Muna.
  7989 | D:8      | Found a hide-covered altar of Uskayaw.
  7992 | D:8      | Found a snail-covered altar of Cheibriados.
  8042 | D:8      | Found an ornate altar of the Wu Jian Council.
  9155 | D:9      | Found a staircase to the Orcish Mines.
  9257 | D:9      | Reached skill level 9 in Dodging
  9314 | D:9      | Noticed Erica
  9341 | D:9      | Killed Erica
  9341 | D:9      | Reached ***** piety under Okawaru
  9592 | D:10     | Entered Level 10 of the Dungeon
  9600 | D:10     | Found Jytuwn's Magic Scroll Shop.
  9610 | D:10     | Reached XP level 11. HP: 75/84 MP: 17/20
 10177 | D:10     | Found Vaiggado's Antique Weapon Boutique.
 10352 | D:10     | Found Zaciamonn's Magic Scroll Shoppe.
 10355 | D:10     | Bought a scroll of identify for 28 gold pieces
 10368 | D:10     | Found Aweoffae's Gadget Shoppe.
 10471 | D:10     | Found Vuebbuyrr's General Store.
 10479 | D:10     | Bought a scroll of identify for 30 gold pieces
 10479 | D:10     | Bought a scroll of identify for 30 gold pieces
 10764 | D:11     | Reached skill level 10 in Transmutations
 10774 | D:11     | Found a shimmering altar of Xom.
 11116 | D:11     | Noticed a two-headed ogre
 11138 | D:11     | Killed a two-headed ogre
 11138 | D:11     | Received a gift from Okawaru
 11405 | D:11     | Reached skill level 10 in Dodging
 11623 | D:11     | Noticed a skeletal warrior
 11640 | D:11     | Killed a skeletal warrior
 12134 | D:11     | Found an ancient bone altar of Kikubaaqudgha.
 12200 | D:11     | Found Sastrume's Jewellery Emporium.
 12230 | D:11     | Found a staircase to the Lair.
 12660 | D:12     | Reached skill level 5 in Ice Magic
 13034 | D:12     | Killed an unseen horror
 13198 | D:12     | Noticed a seven-headed hydra
 13257 | D:12     | Noticed a manticore
 13265 | D:12     | Killed a manticore
 13368 | D:12     | Noticed a two-headed ogre
 13377 | D:12     | Killed a two-headed ogre
 13664 | D:12     | Reached XP level 12. HP: 60/94 MP: 20/23
 14068 | D:12     | Reached skill level 11 in Dodging
 14483 | D:13     | Found a white marble altar of Elyvilon.
 14536 | D:13     | Reached skill level 10 in Unarmed Combat
 14629 | D:13     | Received a gift from Okawaru
 14864 | D:13     | Found a flagged portal.
 14889 | Bailey   | Entered a bailey
 15446 | D:14     | Noticed a two-headed ogre
 15482 | D:13     | Killed a two-headed ogre
 15701 | Lair:1   | Entered Level 1 of the Lair of Beasts
 16003 | Lair:1   | Reached skill level 10 in Fighting
 16381 | Lair:1   | Reached skill level 12 in Dodging
 16388 | Lair:1   | Reached XP level 13. HP: 103/103 MP: 25/25
 16422 | Lair:1   | Found a frozen archway.
 16435 | IceCv    | Entered an ice cave
 17356 | IceCv    | Reached skill level 1 in Invocations
 17457 | IceCv    | Noticed a frost giant
 17468 | IceCv    | Reached ****** piety under Okawaru
 17476 | IceCv    | Killed a frost giant
 17486 | IceCv    | Received a gift from Okawaru
 18444 | Lair:2   | Found a hole to the Spider Nest.
 19002 | Lair:2   | Reached skill level 13 in Dodging
 19107 | Lair:1   | Received a gift from Okawaru
 19191 | Lair:2   | Reached XP level 14. HP: 87/113 MP: 27/27
 19565 | Lair:3   | Found a staircase to the Shoals.
 19876 | Lair:3   | Reached skill level 5 in Invocations
 19951 | Lair:3   | Noticed Snorg
 20776 | Lair:3   | Killed Snorg
 21127 | Lair:4   | Received a gift from Okawaru
 21288 | Lair:4   | Learned a level 4 spell: Petrify
 21678 | Lair:4   | Received a gift from Okawaru
 21678 | Lair:4   | Reached skill level 10 in Spellcasting
 21684 | Lair:4   | Reached skill level 1 in Earth Magic
 22093 | Lair:5   | Noticed Rupert
 22100 | Lair:5   | Paralysed by Rupert for 2 turns
 22123 | Lair:5   | Paralysed by Rupert for 2 turns
 22149 | Lair:5   | Killed Rupert
 22874 | Lair:5   | Got a brightly glowing zirconium amulet
 22990 | Lair:6   | Entered Level 6 of the Lair of Beasts
 23003 | Lair:6   | Identified the amulet of Jycoxoic {Gourm rC+ Int+3} (You found it on level 5 of the Lair of Beasts)
 23235 | Lair:6   | Got an ancient silver ring
 23253 | Lair:6   | Identified the ring "Qeibaefa" {Str+3 Dex+4 Stlth+} (You found it on level 6 of the Lair of Beasts)
 23412 | Lair:6   | Reached skill level 14 in Dodging
 23489 | Lair:6   | Received a gift from Okawaru
 23791 | Lair:6   | Found a viscous altar of Jiyva.
 23791 | Lair:6   | Found a staircase to the Slime Pits.
 24014 | Lair:6   | Reached XP level 15. HP: 104/120 MP: 16/29
 24633 | Lair:6   | Identified the Guide on Fetching Air
 24866 | Lair:6   | Got a spiked buckler
 25388 | D:14     | Found Rutocosa's Distillery.
 25396 | D:14     | Bought a potion of heal wounds for 75 gold pieces
 25636 | D:14     | Noticed Urug
 25646 | D:14     | Killed Urug
 25883 | D:14     | Received a gift from Okawaru
 26022 | D:14     | Identified the +2 buckler of the Immovable Wonders {rC+++} (You found it on level 6 of the Lair of Beasts)
 26183 | D:14     | Got a pitted leather armour
 26197 | D:15     | Entered Level 15 of the Dungeon
 26499 | D:15     | Reached skill level 15 in Dodging
 26506 | D:15     | Found a shadowy altar of Dithmenos.
 26514 | D:15     | Noticed a frost giant
 26837 | D:15     | Found a staircase to the Depths.
 27003 | D:15     | Received a gift from Okawaru
 27027 | D:15     | Reached skill level 5 in Earth Magic
 27254 | D:15     | Killed a frost giant
 27254 | D:15     | Reached XP level 16. HP: 115/130 MP: 25/31
 27633 | D:15     | Received a gift from Okawaru
 28368 | D:13     | Found a gate to the Vaults.
 28658 | D:5      | Killed Gargoyl's ghost
 28699 | D:5      | Identified the +3 leather armour "Canoopaj" {rF+} (You found it on level 14 of the Dungeon)
 29139 | Orc:1    | Entered Level 1 of the Orcish Mines
 29520 | Orc:2    | Entered Level 2 of the Orcish Mines
 29784 | Orc:2    | Found Peypt's Book Shop.
 29897 | Orc:2    | Found Jokket's Book Boutique.
 30074 | Orc:2    | Found a roughly hewn altar of Beogh.
 30252 | Orc:2    | Received a gift from Okawaru
 30252 | Orc:2    | Reached skill level 16 in Dodging
 30398 | Orc:2    | Found a roughly hewn altar of Beogh.
 30552 | Orc:2    | Found Yralysseotu's Antique Armour Boutique.
 30608 | Orc:2    | Found Zanotusm's Assorted Antiques.
 31109 | Orc:2    | Found a staircase to the Elven Halls.
 31682 | Orc:1    | Gained mutation: You are dopey. (Int -2) [a neqoxec]
 31683 | Orc:1    | Received a gift from Okawaru
 31710 | Orc:1    | Got a crystal dire flail {god gift}
 31790 | Orc:1    | Found a roughly hewn altar of Beogh.
 32249 | Shoals:1 | Entered Level 1 of the Shoals
 32992 | Shoals:1 | Reached XP level 17. HP: 139/139 MP: 4/33
 33170 | Shoals:1 | Received a gift from Okawaru
 33817 | Shoals:2 | Found Soirph's Assorted Antiques.
 33830 | Shoals:2 | Bought a potion of heal wounds for 185 gold pieces
 34231 | Shoals:2 | Got a vibrating bone ring
 34234 | Shoals:2 | Noticed Polyphemus
 34580 | Shoals:2 | Reached skill level 17 in Dodging
 34734 | Shoals:2 | Received a gift from Okawaru
 34994 | Shoals:2 | Reached skill level 15 in Unarmed Combat
 35440 | Shoals:2 | Killed Polyphemus
 36076 | Shoals:3 | Identified the ring of the Distant Future {*Drain EV+2 Dex+4} (You found it on level 2 of the Shoals)
 36727 | Shoals:3 | Noticed Aizul
 36753 | Shoals:3 | Killed Aizul
 37319 | Shoals:3 | Noticed Nikola
 37327 | Shoals:3 | Killed from afar by Nikola

Skill      XL: |  1  2  3  4  5  6  7  8  9 10 11 12 13 14 15 16 17 |
---------------+----------------------------------------------------+-----
Transmutations | 3 4 5 7 8 9 10 12 13 | 13.6
Unarmed Combat | 4 5 6 7 8 9 10 11 12 13 14 15 | 15.2
Dodging        | 3 4 5 6 8 9 10 12 13 14 15 16 17 | 17.4
Poison Magic   | 1 2 3 |  3.0
Fighting       | 2 3 5 6 7 8 10 11 12 13 14 | 14.9
Spellcasting   | 3 4 5 6 7 8 9 10 11 12 13 | 13.0
Ice Magic      | 1 3 5 6 |  6.0
Invocations    | 4 6 8 |  8.0
Earth Magic    | 3 5 |  5.9

Action                   |  1- 3 |  4- 6 |  7- 9 | 10-12 | 13-15 | 16-18 || total
-------------------------+-------+-------+-------+-------+-------+-------++-------
Melee: Unarmed           |    64 |   137 |   298 |   842 |   971 |   878 ||  3190
       Headbutt          |     9 |     3 |       |       |       |       ||    12
       Punch             |       |       |     1 |     7 |    27 |    74 ||   109
       Staff             |       |       |     4 |    19 |     6 |    30 ||    59
       Tailslap          |       |       |       |     4 |       |    19 ||    23
 Cast: Beastly Appendage |    11 |     2 |       |       |       |       ||    13
       Spider Form       |     8 |    19 |    37 |    70 |    18 |     2 ||   154
       Sticks to Snakes  |       |       |     2 |     9 |    60 |     5 ||    76
       Blade Hands       |       |       |       |     9 |    48 |    92 ||   149
       Ice Form          |       |       |       |       |    26 |       ||    26
       Petrify           |       |       |       |       |    10 |   106 ||   116
Invok: Heroism           |       |       |     2 |     9 |    28 |    23 ||    62
       Finesse           |       |       |       |       |     1 |       ||     1
 Abil: End Transformatio |       |       |       |     4 |    14 |     4 ||    22
  Use: Scroll            |       |     7 |     7 |    11 |     8 |    10 ||    43
       Potion            |       |       |     1 |     3 |     6 |     1 ||    11
 Stab: Sleeping          |     1 |       |     3 |     4 |     2 |     1 ||    11
       Paralysed         |       |       |     1 |       |       |       ||     1
       Distracted        |       |       |     1 |     2 |     4 |     2 ||     9
       Petrified         |       |       |       |       |    17 |   117 ||   134
       Petrifying        |       |       |       |       |       |    14 ||    14
  Eat: Chunk             |     4 |    11 |    11 |    28 |    59 |    43 ||   156
       Ration            |       |       |     1 |     2 |     1 |       ||     4
Armor: Robe              |     9 |    10 |     5 |       |       |       ||    24
       Skin              |     2 |     5 |     9 |    12 |    50 |       ||    78
       Animal skin       |       |       |       |    24 |     1 |       ||    25
       Troll leather arm |       |       |       |       |    55 |   126 ||   181
Dodge: Dodged            |    42 |   130 |   322 |   905 |   823 |  1097 ||  3319
